[Event "Titled Tuesday Blitz August 3 2021"]
[White "Bethke, Richard"]
[Black "Vakhlamov, Igor L."]
[WhiteFideId "12959243"]
[BlackFideId "24126748"]
[WhiteElo "2373"]
[BlackElo "2416"]
[Result "0-1"]
[Round "02"]
[TimeControl "180+1"]
[Date "2021.08.03"]
[WhiteClock "0:00:03"]
[BlackClock "0:01:19"]

1. e4 c5 2. Nf3 Nc6 3. d4 cxd4 4. Nxd4 g6 5. c4 Nf6 6. Nc3 d6 7. f3 Qb6 8. Be3 Qa5 9. Be2 Bg7 10. O-O O-O 11. Nd5 Nxd5 12. cxd5 Nxd4 13. Bxd4 Bxd4+ 14. Qxd4 Bd7 15. b4 Qb6 16. Qxb6 axb6 17. Rfc1 Rfc8 18. Rxc8+ Rxc8 19. Bd1 Rc3 20. Kf2 Kg7 21. Ke1 f5 22. Kd2 Rc4 23. Rc1 Rxc1 24. Kxc1 fxe4 25. fxe4 Kf6 26. Kd2 Ke5 27. Ke3 Bb5 28. Bg4 Bc4 29. a4 Bb3 30. a5 bxa5 31. bxa5 Bc4 32. Bc8 Ba6 33. h4 h6 34. g4 Kf6 35. Kd4 g5 36. h5 Kf7 37. e5 Ke8 38. Ke4 Kd8 39. Be6 Kc7 40. Kd4 Be2 41. Bf5 b6 42. axb6+ Kxb6 43. exd6 exd6 44. Bd7 Bd1 0-1


[Site "https://www.chess.com"]

[Event "Titled Tuesday Blitz August 3 2021"]
[White "Bluebaum, Matthias"]
[Black "Spata, German"]
[WhiteFideId "24651516"]
[BlackFideId "113026"]
[WhiteElo "2685"]
[BlackElo "2238"]
[Result "1-0"]
[Round "02"]
[TimeControl "180+1"]
[Date "2021.08.03"]
[WhiteClock "0:02:30"]
[BlackClock "0:01:40"]

1. d4 d5 2. c4 c6 3. Nc3 Nf6 4. Nf3 dxc4 5. a4 e6 6. e3 c5 7. Bxc4 Nc6 8. O-O cxd4 9. exd4 Be7 10. Qe2 Nb4 11. Rd1 O-O 12. Bg5 Bd7 13. d5 exd5 14. Bxd5 Nfxd5 15. Nxd5 Nxd5 16. Rxd5 Bxg5 17. Nxg5 Qe8 18. Qd3 1-0


[Site "https://www.chess.com"]

[Event "Titled Tuesday Blitz August 3 2021"]
[White "Bortnyk, Olexandr"]
[Black "Costachi, Mihnea"]
[WhiteFideId "14120828"]
[BlackFideId "1217518"]
[WhiteElo "2723"]
[BlackElo "2482"]
[Result "1-0"]
[Round "02"]
[TimeControl "180+1"]
[Date "2021.08.03"]
[WhiteClock "0:00:22"]
[BlackClock "0:00:22"]

1. e4 e5 2. Bc4 Nf6 3. d3 Bc5 4. Nc3 d6 5. Bg5 h6 6. Bh4 Be6 7. Nge2 Nbd7 8. Bb3 c6 9. d4 exd4 10. Nxd4 Bxb3 11. axb3 Qb6 12. Nf5 O-O 13. O-O Rfe8 14. Qf3 Re6 15. Qg3 Ne8 16. Rfd1 g5 17. Na4 Qd8 18. Nxh6+ Rxh6 19. Bxg5 Rg6 20. Bxd8 Rxg3 21. hxg3 Rxd8 22. Nxc5 Nxc5 23. Rxa7 b5 24. f3 Kg7 25. Kf2 Kf6 26. b4 Ne6 27. f4 d5 28. exd5 cxd5 29. c3 Nd6 30. Kf3 Ne4 31. g4 Kg7 32. g5 Kg6 33. g4 f5 34. gxf5+ Kxf5 35. Rh1 Nd2+ 36. Ke2 Nc4 37. Rf7+ Kg4 38. Rg1+ Kh5 39. g6 Nf8 40. g7 Re8+ 41. Kf2 Ng6 42. g8=Q Rxg8 43. Rh7# 1-0


[Site "https://www.chess.com"]

[Event "Titled Tuesday Blitz August 3 2021"]
[White "Can, Emre"]
[Black "Araujo Filho, Luiz Antonio Coel"]
[WhiteFideId "6302181"]
[BlackFideId "2130661"]
[WhiteElo "2503"]
[BlackElo "2209"]
[Result "1-0"]
[Round "02"]
[TimeControl "180+1"]
[Date "2021.08.03"]
[WhiteClock "0:01:02"]
[BlackClock "0:00:06"]

1. e4 c6 2. Nf3 d5 3. Nc3 dxe4 4. Nxe4 Nf6 5. Ng3 e6 6. d4 Bd6 7. Bd3 Nbd7 8. c3 O-O 9. O-O b6 10. Re1 Bb7 11. Ne5 Qc7 12. Qe2 c5 13. Nxd7 Qxd7 14. dxc5 Bxc5 15. Bf4 Qc6 16. Ne4 Nxe4 17. Bxe4 Qxe4 18. Qxe4 Bxe4 19. Rxe4 Rfd8 20. Kf1 Rd7 21. a4 Rad8 22. a5 bxa5 23. Rxa5 Rd1+ 24. Ke2 Bb6 25. Ra2 Kf8 26. Be3 Bxe3 27. Kxe3 Re1+ 28. Kf3 Rd3+ 29. Re3 Rdxe3+ 30. fxe3 Rb1 31. b4 Rc1 32. Ra3 g6 33. h4 Kg7 34. g4 Kf6 35. Ke4 Rh1 36. g5+ Kg7 37. Rxa7 Rxh4+ 38. Kd3 Rg4 39. b5 Rxg5 40. c4 Rc5 41. b6 Rc8 42. b7 Rb8 43. c5 1-0


[Site "https://www.chess.com"]

[Event "Titled Tuesday Blitz August 3 2021"]
[White "Csonka, Balazs"]
[Black "Puchka, Vladislav"]
[WhiteFideId "742910"]
[BlackFideId "14134276"]
[WhiteElo "2404"]
[BlackElo "1924"]
[Result "1-0"]
[Round "02"]
[TimeControl "180+1"]
[Date "2021.08.03"]
[WhiteClock "0:01:12"]
[BlackClock "0:00:58"]

1. e4 d5 2. exd5 Qxd5 3. Nc3 Qd8 4. d4 Nf6 5. Nf3 a6 6. Bc4 e6 7. O-O c5 8. dxc5 Qxd1 9. Rxd1 Bxc5 10. a4 b6 11. Bg5 Nbd7 12. Rd3 O-O 13. Rad1 h6 14. Bh4 Bb7 15. Rxd7 Nxd7 16. Rxd7 Bc6 17. Rd1 Bxf3 18. gxf3 Rac8 19. Bxa6 Rc7 20. Nb5 Re7 21. Bxe7 Bxe7 22. b3 Bc5 23. Kf1 Ra8 24. Bb7 Rb8 25. Rd7 Kf8 26. Rc7 g5 27. Rc8+ Rxc8 28. Bxc8 Ke7 29. c3 Kf6 30. b4 Be7 31. a5 bxa5 32. bxa5 Bc5 33. a6 Ke7 34. a7 1-0


[Site "https://www.chess.com"]

[Event "Titled Tuesday Blitz August 3 2021"]
[White "Daggupati, Balaji"]
[Black "Perera Alfonso, Rene Humberto"]
[WhiteFideId "2090759"]
[BlackFideId "3514722"]
[WhiteElo "2672"]
[BlackElo "2313"]
[Result "1-0"]
[Round "02"]
[TimeControl "180+1"]
[Date "2021.08.03"]
[WhiteClock "0:01:32"]
[BlackClock "0:00:31"]

1. e4 d5 2. exd5 Nf6 3. d4 Bg4 4. Be2 Bxe2 5. Qxe2 Qxd5 6. Nf3 Nc6 7. c4 Qe4 8. Be3 e6 9. O-O O-O-O 10. Nc3 Qg4 11. Rad1 h5 12. d5 exd5 13. cxd5 Ne7 14. h3 Qf5 15. Nd4 Qg6 16. Ndb5 Nexd5 17. Qc4 c6 18. Nxa7+ Kb8 19. Nxc6+ bxc6 20. Qxc6 Qf5 21. Nb5 Rd7 22. Qa6 Nxe3 23. Qb6+ Ka8 24. Rxd7 Qxd7 25. Nc7+ Qxc7 26. Qxc7 Nxf1 27. Kxf1 1-0


[Site "https://www.chess.com"]

[Event "Titled Tuesday Blitz August 3 2021"]
[White "Demidov, Mikhail"]
[Black "Skuhala, Jernej"]
[WhiteFideId "4197143"]
[BlackFideId "14605651"]
[WhiteElo "2598"]
[BlackElo "2415"]
[Result "1-0"]
[Round "02"]
[TimeControl "180+1"]
[Date "2021.08.03"]
[WhiteClock "0:00:15"]
[BlackClock "0:00:16"]

1. Nf3 Nf6 2. g3 e6 3. Bg2 d5 4. O-O c5 5. d4 Nc6 6. c4 cxd4 7. Nxd4 Bc5 8. Nxc6 bxc6 9. Qc2 Bb6 10. b3 O-O 11. Nc3 Re8 12. Bb2 Rb8 13. Rac1 Ba6 14. Na4 Ba5 15. Rfd1 Qe7 16. Be5 Rbd8 17. e3 h6 18. h3 Nd7 19. Bc3 Bxc3 20. Qxc3 Qf6 21. Qa5 Bb7 22. Qxa7 Rb8 23. cxd5 exd5 24. Nc5 Nxc5 25. Qxc5 Re6 26. Rd4 Ra8 27. a4 Ba6 28. b4 Bc4 29. a5 Rb8 30. a6 Ra8 31. Rdxc4 dxc4 32. b5 Qb2 33. Rf1 Qxb5 34. Qxb5 cxb5 35. Bxa8 Rxa6 36. Bd5 Rd6 37. e4 c3 38. Rb1 Ra6 39. Rxb5 c2 40. Rb8+ Kh7 41. Rc8 Ra1+ 42. Kg2 c1=Q 43. Rxc1 Rxc1 44. Bxf7 g5 45. Bd5 Kg7 46. Kf3 Kf6 47. Kg4 Rf1 48. f3 Ke5 49. Bf7 Kf6 50. Be8 Ke5 51. Bg6 Kf6 52. Bf5 Ke5 53. Bg6 Kf6 54. Be8 Ke5 55. Bb5 Kf6 56. Bxf1 1-0


[Site "https://www.chess.com"]

[Event "Titled Tuesday Blitz August 3 2021"]
[White "Dzhaparov, Medet"]
[Black "Jaracz, Pawel"]
[WhiteFideId "13803689"]
[BlackFideId "1102222"]
[WhiteElo "1702"]
[BlackElo "2495"]
[Result "0-1"]
[Round "02"]
[TimeControl "180+1"]
[Date "2021.08.03"]
[WhiteClock "0:00:02"]
[BlackClock "0:01:25"]

1. d4 Nf6 2. c4 e6 3. Nc3 Bb4 4. Qc2 b6 5. Bg5 Bb7 6. e3 h6 7. Bh4 c5 8. dxc5 bxc5 9. a3 Qa5 10. Bxf6 gxf6 11. Ne2 Nc6 12. O-O-O Bxc3 13. Qxc3 Qxc3+ 14. Nxc3 Ne5 15. f3 Ke7 16. Be2 Bc6 17. Rhe1 f5 18. Bf1 Rab8 19. Kc2 h5 20. h3 Rhg8 21. Rd2 Rb6 22. f4 Ng6 23. g3 Nf8 24. Be2 Rxg3 25. Bxh5 Rxh3 26. Bd1 Ng6 27. b3 Rb8 28. Kb2 a5 29. Bc2 a4 30. Ka2 axb3+ 31. Bxb3 Nxf4 32. Nd5+ Nxd5 33. cxd5 Bb5 34. dxe6 fxe6 35. Rc1 Rc8 36. Rg2 d5 37. Rg7+ Kd6 38. a4 Ra8 39. Ka3 Rxe3 0-1


[Site "https://www.chess.com"]

[Event "Titled Tuesday Blitz August 3 2021"]
[White "Egorov, Evgeny"]
[Black "Ozen, Bahadir"]
[WhiteFideId "13700421"]
[BlackFideId "6337058"]
[WhiteElo "2422"]
[BlackElo "2503"]
[Result "1/2-1/2"]
[Round "02"]
[TimeControl "180+1"]
[Date "2021.08.03"]
[WhiteClock "0:00:06"]
[BlackClock "0:00:05"]

1. e4 c6 2. d4 d5 3. f3 e6 4. Nc3 Bb4 5. a3 Bxc3+ 6. bxc3 dxe4 7. Qe2 c5 8. fxe4 cxd4 9. Qg4 Nf6 10. Qxg7 Rg8 11. Qh6 Rg6 12. Qh4 Rg4 13. Qh6 Rxe4+ 14. Ne2 Nbd7 15. cxd4 b6 16. Be3 Qe7 17. h3 Nd5 18. Bd2 Ba6 19. Qxh7 N5f6 20. Qh8+ Qf8 21. Qxf8+ Kxf8 22. Kf2 Rc8 23. c3 Rh4 24. Ng3 Bxf1 25. Rhxf1 Nd5 26. Rac1 Rc4 27. Ke2 b5 28. Kd3 Rh8 29. Rf3 Ke7 30. Ne4 Rg8 31. g4 f6 32. Re1 Rd8 33. g5 f5 34. Ng3 Kd6 35. h4 Rg8 36. h5 a5 37. h6 Nf8 38. Rxf5 exf5 39. Nxf5+ Kd7 40. Re5 Nc7 41. Re7+ Kc6 42. h7 Rh8 43. Rf7 Nce6 44. d5+ Kxd5 45. Ne3+ Ke5 46. Nxc4+ bxc4+ 47. Kxc4 Nxh7 48. g6 Nf6 49. g7 Rg8 50. Kb5 Nxg7 51. c4 Ne4 52. Bxa5 Ne6 53. Rh7 Nd6+ 54. Kc6 Rc8+ 55. Bc7 Nxc7 56. Rxc7 Rxc7+ 57. Kxc7 Nxc4 58. a4 Kd5 59. a5 Nxa5 1/2-1/2


[Site "https://www.chess.com"]

[Event "Titled Tuesday Blitz August 3 2021"]
[White "El Arousy, Abdul Hameed"]
[Black "Alavkin, Arseny"]
[WhiteFideId "10600086"]
[BlackFideId "4120612"]
[WhiteElo "2216"]
[BlackElo "2401"]
[Result "0-1"]
[Round "02"]
[TimeControl "180+1"]
[Date "2021.08.03"]
[WhiteClock "0:00:56"]
[BlackClock "0:01:39"]

1. e4 e6 2. d4 d5 3. e5 c5 4. c3 Nc6 5. Nf3 Qb6 6. Bd3 cxd4 7. cxd4 Bd7 8. Be2 Nge7 9. Nc3 Nf5 10. Be3 Nxe3 11. fxe3 Qxb2 12. Nb5 Qb4+ 13. Kf2 Qa5 14. Qb3 Rb8 15. Rac1 Be7 16. h4 O-O 17. h5 h6 18. g4 a6 19. Nc3 f6 20. exf6 Bxf6 21. Rhg1 Bg5 22. Qc2 e5 23. Nxd5 Be6 24. Nc3 exd4 25. exd4 Bxc1 26. Qxc1 Nxd4 27. Qe3 Nxf3 28. Qxe6+ Kh8 29. Bxf3 Qxc3 30. Qe3 Qxe3+ 31. Kxe3 Rbe8+ 0-1


[Site "https://www.chess.com"]

[Event "Titled Tuesday Blitz August 3 2021"]
[White "Erdogdu, Mert"]
[Black "Zverev, Lev"]
[WhiteFideId "6301495"]
[BlackFideId "24250775"]
[WhiteElo "2485"]
[BlackElo "2109"]
[Result "1-0"]
[Round "02"]
[TimeControl "180+1"]
[Date "2021.08.03"]
[WhiteClock "0:00:05"]
[BlackClock "0:00:01"]

1. e4 e5 2. Nf3 Nc6 3. Bc4 Bc5 4. d3 Nf6 5. O-O d6 6. c3 a6 7. Bb3 Ba7 8. Nbd2 O-O 9. h3 Nh5 10. Re1 Qf6 11. Nf1 Nf4 12. Be3 Be6 13. Ng3 Qg6 14. d4 Bxb3 15. Qxb3 b5 16. Bxf4 exf4 17. Nf5 Rae8 18. a4 Ne7 19. axb5 Nxf5 20. exf5 Qxf5 21. Rxe8 Rxe8 22. bxa6 Rb8 23. Qa4 g5 24. b4 h5 25. Qa5 c5 26. Qc7 Ra8 27. Qb7 Qc8 28. bxc5 dxc5 29. Nxg5 Qf8 30. Nf3 cxd4 31. cxd4 Kh8 32. Qe4 Qg8 33. Qe5+ Qg7 34. Qxh5+ Kg8 35. Qg4 Kh8 36. Qxf4 f6 37. Qh4+ Kg8 38. Qg4 Qxg4 39. hxg4 Bb6 40. Kf1 Kf7 41. Ke2 Ke6 42. Kd3 Kd5 43. g3 Ra7 44. Ra4 Ra8 45. Nh4 Kc6 46. Nf5 Kb5 47. Ra2 Ba7 48. f3 Rd8 49. Ke4 Kc6 50. d5+ 1-0


[Site "https://www.chess.com"]

[Event "Titled Tuesday Blitz August 3 2021"]
[White "Eternauta2400"]
[Black "Shahade, Gregory"]
[BlackFideId "2009064"]
[WhiteElo "2513"]
[BlackElo "2715"]
[Result "0-1"]
[Round "02"]
[TimeControl "180+1"]
[Date "2021.08.03"]
[WhiteClock "0:01:35"]
[BlackClock "0:01:06"]

1. c4 Nf6 2. Nc3 d5 3. cxd5 Nxd5 4. Nf3 g6 5. Qb3 Nb6 6. h4 Bg7 7. h5 O-O 8. hxg6 hxg6 9. d4 Nc6 10. d5 Na5 11. Qb5 Nac4 12. e4 c6 13. Qc5 cxd5 14. exd5 Bf5 15. Qb4 Rc8 16. a4 Nxd5 17. Nxd5 Qxd5 18. Rh4 Rfd8 19. Be2 Ne5 20. Be3 Nd3+ 21. Bxd3 Qxd3 22. Rd1 Qxd1# 0-1


[Site "https://www.chess.com"]

[Event "Titled Tuesday Blitz August 3 2021"]
[White "FGHSMN"]
[Black "Karacsonyi, Gellert"]
[BlackFideId "764620"]
[WhiteElo "2503"]
[BlackElo "2192"]
[Result "1/2-1/2"]
[Round "02"]
[TimeControl "180+1"]
[Date "2021.08.03"]
[WhiteClock "0:01:10"]
[BlackClock "0:00:32"]

1. e4 c5 2. Nc3 Nc6 3. Nf3 g6 4. d4 cxd4 5. Nxd4 Bg7 6. Be3 Nf6 7. Be2 O-O 8. O-O d5 9. exd5 Nxd5 10. Nxd5 Qxd5 11. Bf3 Qc4 12. b3 Qc3 13. Nxc6 bxc6 14. Rc1 Ba6 15. Be2 Rfd8 16. Qe1 Qxe1 17. Rfxe1 Bxe2 18. Rxe2 Bc3 19. g3 e6 20. Kg2 Rd5 21. f4 a6 22. Kf3 Rad8 23. Bb6 R8d7 24. Be3 h5 25. Rf1 Rd1 26. Rxd1 Rxd1 27. Bf2 Kf8 28. a4 Ke7 29. Re3 Bd4 30. Re4 Bxf2 31. Kxf2 Rh1 32. Kg2 Rc1 33. Rc4 Kd6 34. h3 Kd5 35. Kf3 f6 36. Rc3 e5 37. Rd3+ Ke6 38. fxe5 fxe5 39. Rc3 Kd5 40. Rd3+ Ke6 41. Rc3 Kd5 42. Rd3+ Kc5 43. Rc3+ Kd5 1/2-1/2


[Site "https://www.chess.com"]

[Event "Titled Tuesday Blitz August 3 2021"]
[White "Fayzullaev, Akmal"]
[Black "Jacobson, Brandon"]
[WhiteFideId "14200554"]
[BlackFideId "30901561"]
[WhiteElo "2264"]
[BlackElo "2362"]
[Result "0-1"]
[Round "02"]
[TimeControl "180+1"]
[Date "2021.08.03"]
[WhiteClock "0:01:35"]
[BlackClock "0:02:22"]

1. d4 g6 2. e4 Bg7 3. Nc3 d6 4. f4 Nf6 5. Nf3 O-O 6. e5 dxe5 7. fxe5 Nd5 8. Bc4 Nxc3 9. bxc3 c5 10. O-O Bg4 11. Be3 Nc6 12. h3 Bxf3 13. Qxf3 cxd4 14. cxd4 Nxd4 15. Bxf7+ Kh8 16. Qe4 Ne2+ 17. Kh2 Qc7 18. Rae1 Bxe5+ 19. g3 Nxg3 20. Qd4 Nxf1+ 0-1


[Site "https://www.chess.com"]

[Event "Titled Tuesday Blitz August 3 2021"]
[White "Firat, Burak"]
[Black "Diaz Perez, Michel Alejandro"]
[WhiteFideId "6305881"]
[BlackFideId "3517179"]
[WhiteElo "2531"]
[BlackElo "2337"]
[Result "1-0"]
[Round "02"]
[TimeControl "180+1"]
[Date "2021.08.03"]
[WhiteClock "0:00:11"]
[BlackClock "0:00:09"]

1. Nf3 Nf6 2. c4 e6 3. Nc3 d5 4. d4 Nbd7 5. Qc2 c6 6. e4 dxe4 7. Nxe4 Nxe4 8. Qxe4 Nf6 9. Qc2 c5 10. Be3 cxd4 11. Bxd4 Bb4+ 12. Bc3 Qa5 13. Bxb4 Qxb4+ 14. Qd2 Qxd2+ 15. Kxd2 Bd7 16. Ne5 Ke7 17. Be2 Rhd8 18. Ke3 Rac8 19. Rhd1 Be8 20. Bf3 Rxd1 21. Rxd1 b5 22. cxb5 Bxb5 23. a4 Be8 24. b4 Rc3+ 25. Kd4 Rc2 26. b5 Ra2 27. Kc5 Rxa4 28. Nc6+ Bxc6 29. bxc6 Ra2 30. Kb5 Rc2 31. Ra1 Rb2+ 32. Kc5 Rc2+ 33. Kd4 Rxf2 34. Rxa7+ Kd6 35. Rxf7 e5+ 36. Ke3 Ng4+ 37. Kd3 e4+ 38. Kxe4 Nxh2 39. c7 Rc2 40. Rxg7 Rxc7 41. Rxc7 Kxc7 42. Be2 h5 43. Kf4 Kd6 44. Kg3 Ng4 45. Bxg4 hxg4 46. Kxg4 Ke6 47. Kg5 Kf7 48. g3 Kf8 49. Kf6 Kg8 50. Kg6 Kh8 51. Kf7 Kh7 52. Kf6 Kh6 53. g4 Kh7 54. g5 Kg8 55. Kg6 Kh8 56. Kf7 Kh7 57. g6+ Kh6 58. g7 Kh5 59. g8=Q Kh4 60. Qg6 Kh3 61. Kf6 Kh2 62. Kf5 Kh1 63. Kf4 Kh2 64. Qg4 Kh1 65. Kf3 Kh2 66. Qg2# 1-0


[Site "https://www.chess.com"]

[Event "Titled Tuesday Blitz August 3 2021"]
[White "Florescu, Codrut-Constantin"]
[Black "Ibrahimli, Murad"]
[WhiteFideId "1202200"]
[BlackFideId "13410229"]
[WhiteElo "2243"]
[BlackElo "2109"]
[Result "1-0"]
[Round "02"]
[TimeControl "180+1"]
[Date "2021.08.03"]
[WhiteClock "0:01:14"]
[BlackClock "0:01:11"]

1. d4 Nf6 2. c4 g6 3. Nc3 Bg7 4. e4 d6 5. f3 O-O 6. Bg5 c5 7. d5 e6 8. Qd2 exd5 9. cxd5 h6 10. Be3 a6 11. a4 Nbd7 12. Nh3 h5 13. Be2 Ne5 14. Nf2 Nh7 15. O-O f5 16. f4 Ng4 17. Nxg4 fxg4 18. a5 Bd7 19. e5 dxe5 20. Bxc5 Rxf4 21. g3 Rxf1+ 22. Rxf1 Qxa5 23. b4 Qd8 24. Ne4 b6 25. Be3 Bf5 26. Ng5 Nxg5 27. Bxg5 Qd6 28. Rc1 Be4 29. Rc6 Qxd5 30. Bc4 Qxc4 31. Rxc4 Bf3 32. Qd7 1-0


[Site "https://www.chess.com"]

[Event "Titled Tuesday Blitz August 3 2021"]
[White "Galyas, Miklos"]
[Black "Lintchevski, Daniil"]
[WhiteFideId "707244"]
[BlackFideId "4171055"]
[WhiteElo "2409"]
[BlackElo "2505"]
[Result "0-1"]
[Round "02"]
[TimeControl "180+1"]
[Date "2021.08.03"]
[WhiteClock "0:00:44"]
[BlackClock "0:00:47"]

1. c4 c5 2. g3 g6 3. Bg2 Bg7 4. Nc3 Nc6 5. Nf3 e6 6. O-O Nge7 7. e3 O-O 8. d4 cxd4 9. exd4 d5 10. cxd5 Nxd5 11. Re1 Nce7 12. Bg5 h6 13. Bd2 b6 14. Ne5 Bb7 15. Qc1 Kh7 16. h4 Rc8 17. h5 Nxc3 18. bxc3 Bxg2 19. Kxg2 Qd5+ 20. Kg1 Nf5 21. hxg6+ fxg6 22. Qb1 Rc7 23. Qd3 Rfc8 24. a4 Bf6 25. Rab1 Rd8 26. Qe2 Qa2 27. Ra1 Qd5 28. Qg4 Rg7 29. Re2 h5 30. Qh3 Kg8 31. Rae1 Qb3 32. g4 Nxd4 33. Re3 Nc2 34. gxh5 Rxd2 35. h6 Rgd7 36. c4 Nxe3 37. Qxe6+ Kh7 38. Qxf6 R2d6 39. Qf3 Rd1 40. Nxd7 Rxe1+ 41. Kh2 Nf1+ 0-1


[Site "https://www.chess.com"]

[Event "Titled Tuesday Blitz August 3 2021"]
[White "Gevorgyan, David Sh."]
[Black "Andrews, Todd"]
[WhiteFideId "13303244"]
[BlackFideId "2012456"]
[WhiteElo "2255"]
[BlackElo "2409"]
[Result "0-1"]
[Round "02"]
[TimeControl "180+1"]
[Date "2021.08.03"]
[WhiteClock "0:00:03"]
[BlackClock "0:00:14"]

1. d4 Nf6 2. c4 c5 3. d5 b5 4. cxb5 a6 5. b6 e6 6. Nc3 Nxd5 7. Nxd5 exd5 8. Qxd5 Nc6 9. e3 Be7 10. Nf3 Rb8 11. Bd2 O-O 12. Bc3 Rxb6 13. h4 Nb4 14. Qd1 d5 15. a3 Nc6 16. Be2 Bf5 17. O-O Be4 18. g3 Bf6 19. Qc1 d4 20. Bd2 d3 21. Bd1 Bxb2 22. Qb1 Bxa1 23. Qxa1 f6 24. Bc3 Qd5 25. Nd2 Rfb8 26. h5 h6 27. f3 Bh7 28. e4 Qd6 29. Kg2 Qe6 30. Re1 Ne5 31. f4 Nc4 32. e5 Nxd2 33. Bxd2 Rb2 34. Qc1 Bf5 35. Kg1 c4 0-1


[Site "https://www.chess.com"]

[Event "Titled Tuesday Blitz August 3 2021"]
[White "Gokerkan, Cem Kaan"]
[Black "Levitskiy, Andrey"]
[WhiteFideId "6336760"]
[BlackFideId "14132885"]
[WhiteElo "2361"]
[BlackElo "2323"]
[Result "1-0"]
[Round "02"]
[TimeControl "180+1"]
[Date "2021.08.03"]
[WhiteClock "0:01:57"]
[BlackClock "0:01:10"]

1. e4 e6 2. d4 d5 3. Nd2 c5 4. Ngf3 cxd4 5. exd5 Qxd5 6. Bc4 Qd6 7. O-O Nf6 8. Nb3 Nc6 9. Qe2 a6 10. Rd1 Be7 11. Nbxd4 Nxd4 12. Rxd4 Qc7 13. Bf4 Qb6 14. Bb3 Bd7 15. Rad1 Bc6 16. Ne5 Bc5 17. Nxf7 Bb5 18. Nd6+ Qxd6 19. Rxd6 Bxe2 20. Rxe6+ Kf8 21. Rxe2 1-0


[Site "https://www.chess.com"]

[Event "Titled Tuesday Blitz August 3 2021"]
[White "Goltsev, Dmitry"]
[Black "De Waele, Warre"]
[WhiteFideId "24176710"]
[BlackFideId "241156"]
[WhiteElo "2366"]
[BlackElo "2183"]
[Result "1-0"]
[Round "02"]
[TimeControl "180+1"]
[Date "2021.08.03"]
[WhiteClock "0:00:31"]
[BlackClock "0:00:24"]

1. e4 e5 2. Qh5 Nc6 3. Bc4 g6 4. Qf3 Nf6 5. Ne2 Bg7 6. O-O O-O 7. d3 d6 8. Nbc3 Na5 9. Nd5 c6 10. Nxf6+ Qxf6 11. Qxf6 Bxf6 12. Bb3 Nxb3 13. axb3 Be6 14. Be3 a6 15. b4 d5 16. Bc5 Rfe8 17. f3 h5 18. c3 Rad8 19. Rfd1 Rd7 20. Kf2 Red8 21. Bb6 Rc8 22. d4 Re8 23. dxe5 Bxe5 24. f4 Bg7 25. e5 f6 26. exf6 Bxf6 27. Nd4 Bg4 28. Re1 Rde7 29. h3 Bxd4+ 30. Bxd4 Rxe1 31. Rxe1 Rxe1 32. Kxe1 Bf5 33. Kf2 Kf7 34. Be5 Ke6 35. Ke3 Be4 36. g3 Bg2 37. h4 Kd7 38. Kd4 Kc8 39. Bd6 Be4 40. Ke5 Kd7 41. Bc5 Bd3 42. Kf6 Be4 43. Kg5 Ke6 44. g4 hxg4 45. Kxg4 Kf7 46. Kg5 Bb1 47. Bd4 Bc2 48. Be5 Bd3 49. Kg4 Bf5+ 50. Kf3 Be4+ 51. Ke3 Bb1 52. Kd4 Ke6 53. Kc5 Kd7 54. Bf6 Bf5 55. Bd4 Be4 56. Bf2 Bb1 57. Kd4 Ke6 58. Be1 Bc2 59. Bd2 Bb1 60. Kc5 Kd7 61. Be3 Bc2 62. Bd4 Bb1 63. Be5 Bc2 64. Kd4 Ke6 65. Ke3 Kf5 66. Kf3 Ke6 67. Kg4 Kf7 68. Kg5 Bd3 69. h5 gxh5 70. Kxh5 Ke6 71. Kh6 Bf5 72. Kg7 Bd3 73. Kf8 Kd7 74. Kf7 b6 75. Kf6 a5 76. bxa5 bxa5 77. f5 a4 78. Bd4 Be4 79. Bc5 Bd3 80. Ke5 Ke8 81. Ke6 Bc4 82. Kd6 Bb5 83. Ke6 Bc4 84. Kf6 Bb5 85. Kg7 Bc4 86. Bd4 Be2 87. Kg6 Bf3 88. f6 1-0


[Site "https://www.chess.com"]

[Event "Titled Tuesday Blitz August 3 2021"]
[White "Golubev, Mikhail"]
[Black "Grabinsky, Aaron"]
[WhiteFideId "14100983"]
[BlackFideId "2087090"]
[WhiteElo "2374"]
[BlackElo "2353"]
[Result "0-1"]
[Round "02"]
[TimeControl "180+1"]
[Date "2021.08.03"]
[WhiteClock "0:00:02"]
[BlackClock "0:00:57"]

1. e4 e6 2. Nc3 d5 3. d4 Nc6 4. Nf3 Nf6 5. e5 Ne4 6. Bd3 Bb4 7. Bd2 Nxd2 8. Qxd2 Bd7 9. a3 Ba5 10. O-O O-O 11. b4 Bb6 12. Ne2 f6 13. b5 Na5 14. exf6 gxf6 15. Rae1 Qe7 16. Nf4 Qf7 17. Re3 Kh8 18. Nh4 Nc4 19. Bxc4 dxc4 20. Rh3 Rg8 21. a4 e5 22. Nhg6+ Rxg6 23. Nxg6+ Qxg6 24. Rg3 Qf7 25. dxe5 fxe5 26. a5 Bc5 27. Qg5 Bd6 28. b6 axb6 29. axb6 Rg8 30. Qxg8+ Qxg8 31. Rxg8+ Kxg8 32. Rd1 Bf5 33. bxc7 Bxc7 34. c3 Kf7 35. Rd5 Ke6 36. Rb5 b6 37. f3 Kd6 38. g4 Bd3 39. Kg2 Kc6 40. Rb2 b5 41. Ra2 Bb6 42. h4 Be3 43. Ra6+ Kb7 44. Re6 Bf4 45. h5 b4 46. cxb4 c3 47. b5 c2 48. Rc6 c1=Q 49. Rxc1 Bxc1 50. Kh3 h6 0-1


[Site "https://www.chess.com"]

[Event "Titled Tuesday Blitz August 3 2021"]
[White "Gontcharov, Vladislav"]
[Black "Darini, Pouria"]
[WhiteFideId "4123492"]
[BlackFideId "12502200"]
[WhiteElo "2503"]
[BlackElo "2489"]
[Result "0-1"]
[Round "02"]
[TimeControl "180+1"]
[Date "2021.08.03"]
[WhiteClock "0:00:02"]
[BlackClock "0:00:07"]

1. e4 c5 2. Nf3 d6 3. d4 cxd4 4. Qxd4 Nf6 5. c4 Nc6 6. Qe3 Bg4 7. Nd4 g6 8. Nxc6 bxc6 9. Nc3 Bg7 10. e5 dxe5 11. Qxe5 O-O 12. Qf4 e5 13. Qe3 Rb8 14. h3 Bf5 15. g4 Be6 16. b3 Qd4 17. Bg2 c5 18. O-O h5 19. g5 Nd7 20. Rd1 Qh4 21. Ne4 Rbd8 22. Ba3 Bf5 23. Rd2 Nb6 24. Rad1 Rd4 25. Nxc5 Rfd8 26. Rxd4 exd4 27. Qg3 Qxg3 28. fxg3 Bc2 29. Rd2 d3 30. Ne4 Bd4+ 31. Kh2 Be3 32. Bb4 Bxd2 33. Bxd2 Nd7 34. Ba5 Re8 35. Bc3 Re6 36. c5 a6 37. b4 Ne5 38. a3 Nc6 39. Nf6+ Kf8 40. Nd5 Re2 41. Nc7 d2 42. Bxd2 Rxd2 43. Kg1 Nd4 0-1


[Site "https://www.chess.com"]

[Event "Titled Tuesday Blitz August 3 2021"]
[White "GrafLermontov"]
[Black "Srihari L R"]
[BlackFideId "46617116"]
[WhiteElo "2520"]
[BlackElo "2121"]
[Result "0-1"]
[Round "02"]
[TimeControl "180+1"]
[Date "2021.08.03"]
[WhiteClock "0:00:10"]
[BlackClock "0:00:06"]

1. e4 c5 2. Be2 Nc6 3. f4 d5 4. d3 Nf6 5. e5 Nd7 6. Nf3 e6 7. O-O Be7 8. c3 b5 9. d4 cxd4 10. cxd4 b4 11. Kh1 Bb7 12. Qe1 a5 13. Be3 Qb6 14. Nbd2 Ba6 15. Bxa6 Qxa6 16. f5 exf5 17. e6 fxe6 18. Bg5 Nf8 19. Bxe7 Nxe7 20. Ne5 Nfg6 21. Nxg6 hxg6 22. Nf3 Qd6 23. Ne5 Nc6 24. Qg3 Nxe5 25. dxe5 Qd7 26. Qxg6+ Qf7 27. Qg3 O-O 28. Rf4 Rac8 29. Raf1 Rc4 30. Rxc4 dxc4 31. Rf4 Qd7 32. h3 Rc8 33. Rh4 Qd8 34. Qg6 Qxh4 35. Qxe6+ Kh7 36. Qxf5+ Kh6 37. Qxc8 Qe1+ 38. Kh2 Qxe5+ 39. Kh1 c3 40. bxc3 bxc3 41. Qc6+ Kh7 42. Qc4 Qe3 43. Qh4+ Kg6 44. Qg4+ Kf6 45. Qh4+ Ke5 46. Qe7+ Kf4 47. Qc7+ Ke4 48. Qe7+ Kd3 49. Qd6+ Ke2 50. Qa6+ Kd2 51. Qxa5 Kd1 52. Qh5+ Kc1 53. a4 c2 54. a5 Kd2 55. Qd5+ Qd3 56. Qg5+ Kd1 57. Qg4+ Qe2 58. Qd4+ Ke1 59. Qc3+ Qd2 60. Qg3+ Kd1 61. Qf3+ Qe2 62. Qd5+ Ke1 63. Qc5 Qf1+ 64. Kh2 Qf4+ 65. g3 Qf2+ 66. Qxf2+ Kxf2 67. a6 c1=Q 68. a7 Qg1# 0-1


[Site "https://www.chess.com"]